 Dungeon Crawl Stone Soup version 0.28-a0-1412-gf95308ed99 (webtiles) character file.

Game seed: 9576246627839403569

130 Deminshera the Conjurer (level 5, -7/35 HPs)
             Began as a Human Conjurer on Jan 7, 2022.
             Mangled by a gnoll (13 damage)
             ... on level 2 of the Dungeon.
             The game lasted 00:04:39 (3220 turns).

Deminshera the Conjurer (Human Conjurer)            Turns: 3220, Time: 00:04:40

Health: -7/35      AC:  2    Str:  8    XL:     5   Next: 36%
Magic:  10/10      EV: 12    Int: 20    God:
Gold:   26         SH:  0    Dex: 11    Spells: 3/10 levels left

rFire   . . .      SeeInvis .   g - +1 flail (drain)
rCold   . . .      Faith    .   (no shield)
rNeg    . . .      Spirit   .   a - +0 robe
rPois   .          Reflect  .   (no helmet)
rElec   .          Harm     .   (no cloak)
rCorr   .          Rampage  .   (no gloves)
Will    .....                   (no boots)
Stlth   +.........              (no amulet)
HPRegen 0.11/turn               (no ring)
MPRegen 0.12/turn               (no ring)

@: confused, ambrosia-drunk
A: no striking features
a: no special abilities


You were on level 2 of the Dungeon.
You visited 1 branch of the dungeon, and saw 2 of its levels.

You collected 26 gold pieces.

Inventory:

Hand Weapons
 g - a +1 flail of draining (weapon)
Missiles
 b - 2 datura-tipped darts
Armour
 a - a +0 robe (worn)
Scrolls
 d - 2 scrolls of teleportation {unknown}
 f - a scroll of noise {unknown}
Potions
 e - a potion of might {unknown}


   Skills:
 - Level 2.0 Dodging
 - Level 2.0 Stealth
 + Level 3.4 Spellcasting
 + Level 5.1 Conjurations
 + Level 1.3 Hexes


You had 3 spell levels left.
You knew the following spells:

 Your Spells              Type           Power      Damage    Failure   Level
a - Magic Dart            Conj           92%        1d7       1%          1
b - Searing Ray           Conj           46%        2d6       2%          2
c - Fulminant Prism       Conj/Hex       8%         3d7       34%         4

Your spell library contained the following spells:

 Spells                   Type           Power      Damage    Failure   Level
 Dazzling Flash           Conj/Hex       32%        N/A       11%         3
 Iskenderun's Mystic Bla  Conj/Tloc      13%        2d5       43%         4
 Iskenderun's Battlesphe  Conj           23%        2d8       43%         5
 Iron Shot                Conj/Erth      6%         9d2       100%        6
 Spellforged Servitor     Conj/Summ      6%         N/A       100%        7


Dungeon Overview and Level Annotations

Branches:
Dungeon (2/15)

Altars:


Message History

Aiming: Magic Dart (safe; 1% risk of failure)
Press: ? - help, Q - select action, (/) - cycle Shift-Dir - straight line, f - goblin
Aim: a goblin, wielding a +0 dagger (100% to hit)
The magic dart hits the goblin.
You kill the goblin!
You see here a bat corpse.
You start resting.
A gnoll comes into view. It is wielding a +0 halberd.
A gnoll is nearby!
You see here a +0 dagger.
Casting: Magic Dart (safe; 1% risk of failure)
Confirm with . or Enter, or press ? or * to list all spells.
Aiming: Searing Ray (safe; 2% risk of failure)
Press: ? - help, Shift-Dir - straight line, f - gnoll
Aim: a gnoll, wielding a +0 halberd, wearing a +0 ring mail and quivering a throwing net (wandering, hasn't noticed you, 84% to hit)
The searing ray hits the gnoll.
The gnoll is lightly wounded.
The gnoll shouts! (Press . to maintain the ray.)
The searing ray hits the gnoll.
The gnoll is moderately wounded.
The searing ray hits the gnoll but does no damage.
The gnoll is moderately wounded.
The hobgoblin shouts!
You hear a shout!
The gnoll hits you from afar with a +0 halberd!
* * * LOW HITPOINT WARNING * * *
The searing ray hits the gnoll but does no damage.
The gnoll is moderately wounded.
You finish channelling your searing ray.
The gnoll throws a throwing net.
The throwing net barely misses you.
It was a potion of ambrosia.
You are confused.
You feel invigorated.
The gnoll hits you from afar with a +0 halberd!
* * * LOW HITPOINT WARNING * * *
Unknown command.
You're too confused to move!
The hobgoblin throws a stone.
The stone hits you.
* * * LOW HITPOINT WARNING * * *
The gnoll hits you from afar with a +0 halberd!
You die...

......<.....# ##
............ #.
#...).....# #.
#.........## #. # #.
#.....†...(# .. ..#.
##.....###g# . ....##
#g#>.# #)# .#
...†.###.#..# #)##.#
...#........# #@.÷.# >.
#...g..### #†.### .
#......######g.#
##.............#
.....#########...#####
...#### #........# ..
#......#... .
#......##..
#############.)........


You could see a gnoll and a hobgoblin.

Vanquished Creatures
  Terence (D:1)
  Robin (D:2)
  2 gnolls
  2 adders (D:2)
  A worm (D:2)
  2 dart slugs
  4 ball pythons (D:1)
  7 bats
  2 endoplasms (D:1)
  2 giant cockroaches
  10 goblins
  5 hobgoblins
  2 quokkas (D:1)
  A frilled lizard (D:2)
  A kobold (D:1)
  6 rats
49 creatures vanquished.

Notes
Turn   | Place    | Note
-------+----------+-------------------------------------------
     0 | D:1      | Deminshera the Human Conjurer began the quest for the Orb.
     0 | D:1      | Reached XP level 1. HP: 13/13 MP: 3/3
   247 | D:1      | Reached XP level 2. HP: 19/19 MP: 1/5
   250 | D:1      | Learned a level 2 spell: Searing Ray
   929 | D:1      | Found a faded altar of an unknown god.
  1109 | D:1      | Reached XP level 3. HP: 24/24 MP: 4/6
  1239 | D:2      | Noticed Robin
  1479 | D:2      | Noticed Terence
  2034 | D:1      | Killed Terence
  2035 | D:1      | Reached XP level 4. HP: 22/30 MP: 2/8
  2270 | D:2      | Learned a level 4 spell: Fulminant Prism
  2791 | D:2      | Reached skill level 1 in Hexes
  2791 | D:2      | Reached XP level 5. HP: 35/35 MP: 7/9
  3002 | D:2      | Reached skill level 5 in Conjurations
  3142 | D:2      | Killed Robin
  3220 | D:2      | Mangled by a gnoll

Illustrated notes

Levels and vault maps discovered:
D:1:      tarquinn_simple_flora_water_e, layout_basic,
          hellmonk_ecumenical_altar_run_dry
D:2:      layout_rooms, uniq_terence, uniq_robin

Skill      XL: |  1  2  3  4  5 |
---------------+----------------+-----
Spellcasting   | 3 |  3.4
Hexes          | 1 |  1.3
Conjurations   | 5 |  5.1
Dodging        | |  2.0
Stealth        | |  2.0

Action                   |  1- 3 |  4- 6 || total
-------------------------+-------+-------++-------
Melee: Flail             |       |    13 ||    13
 Cast: Magic Dart        |    42 |    35 ||    77
       Searing Ray       |     5 |     6 ||    11
  Use: Potion            |       |     1 ||     1
Armor: Robe              |     1 |     7 ||     8
Dodge: Dodged            |     5 |    19 ||    24

Table legend: (Time is in decaauts)
 A = Elapsed time spent in this place.
 B = Non-inter-level travel time spent in this place.
 C = Inter-level travel time spent in this place.
 D = Time resting spent in this place.
 E = Time spent auto-exploring this place.
 F = Levels seen in this place.
 G = Mean time per level.
                   A        B        C        D        E       F      G
               +--------+--------+--------+--------+--------+-----+--------+
         Total |   3230 |   3107 |    123 |   1818 |    804 |   2 | 1615.0 |
       Dungeon |   3230 |   3107 |    123 |   1818 |    804 |   2 | 1615.0 |
               +--------+--------+--------+--------+--------+-----+--------+

Top non-repeatable levels by time:
     D:1: 2241 daAuts
     D:2: 989 daAuts
